 Dungeon Crawl Stone Soup version 0.30-a0-1163-gf69bf04e7a (webtiles) character file.

Game seed: 722532371481900824

105 iamoutofideas the Chopper (level 4, 41/41 HPs)
             Began as a Hill Orc Berserker on Apr 28, 2023.
             Was a Believer of Trog.
             Quit the game on level 3 of the Dungeon.
             The game lasted 00:01:47 (2187 turns).

iamoutofideas the Chopper (Hill Orc Berserker)      Turns: 2187, Time: 00:01:48

Health: 41/41      AC:  6    Str: 21    XL:     4   Next: 81%
Magic:  4/4        EV: 11    Int:  7    God:    Trog [**....]
Gold:   95         SH:  0    Dex: 10    Spells: 3/3 levels left

rFire   . . .        a - +0 hand axe
rCold   . . .        (no shield)
rNeg    . . .        d - +0 ring mail
rPois   .            (no helmet)
rElec   .            (no cloak)
rCorr   .            g - +0 pair of gloves
SInv    .            (no boots)
Will    .....        (no amulet) Stlth
                     (no ring)
HPRegen 0.26/turn    (no ring)
MPRegen 0.09/turn

%: no passive effects
@: no status effects
A: no striking features
a: Renounce Religion, Berserk, Trog's Hand


You were on level 3 of the Dungeon.
You worshipped Trog.
Trog was pleased with you.
You visited 1 branch of the dungeon, and saw 3 of its levels.

You collected 95 gold pieces.

Inventory:

Hand Weapons
 a - a +0 hand axe (weapon)
Armour
 d - a +0 ring mail (worn)
 g - a +0 pair of gloves (worn)
 v - a +0 helmet
Jewellery
 m - a ring of magical power
Scrolls
 e - a scroll of noise {unknown}
 f - 2 scrolls of vulnerability {unknown}
 h - a scroll of torment {unknown}
 i - 5 scrolls of identify {unknown}
 j - 2 scrolls of poison {unknown}
 l - 2 scrolls of amnesia {unknown}
 p - 2 scrolls of teleportation {unknown}
 r - a scroll of brand weapon {unknown}
 t - a scroll of butterflies {unknown}
Potions
 b - 3 potions of mutation {unknown}
 c - 3 potions of haste {unknown}
 k - 2 potions of might {unknown}
 n - 2 potions of curing {unknown}
 o - 2 potions of ambrosia {unknown}
 q - a potion of cancellation {unknown}
 s - a potion of heal wounds {unknown}
 u - a potion of attraction {unknown}


   Skills:
 + Level 4.7 Fighting
 * Level 6.1 Axes
 - Level 2.3 Armour
 - Level 1.6 Dodging


You had 3 spell levels left.
You didn't know any spells.
Your spell library contained the following spells:

 Spells                   Type           Power      Damage    Failure   Level
 Beastly Appendage        Tmut           0%         N/A       58%         1
 Wereblood                Tmut           0%         N/A       75%         2
 Spider Form              Tmut/Pois      0%         N/A       92%         3


Dungeon Overview and Level Annotations

Branches:
Dungeon (3/15)

Altars:


Message History

Trog accepts your kill.
No target in view!
No target in view!
u - a puce potion No target in view!
Things that are here:
a +0 short sword; 2 stones; a kobold corpse
p - 2 scrolls labelled COFAUHYKEFF (gained 1)
You now have 95 gold pieces (gained 9).
Key pressed, stopping explore.
No target in view!
i - 5 scrolls labelled PAROPRA BEFO (gained 1)
An endoplasm comes into view.
Found a green potion.
The endoplasm quivers.
An endoplasm is nearby!
You hit the endoplasm.
You kill the endoplasm!
Trog accepts your kill.
k - 2 green potions (gained 1)
Found an escape hatch in the floor.
No target in view!
Found a helmet.
No target in view!
No target in view!
No target in view!
You see here a +0 helmet.
A giant cockroach comes into view.
The giant cockroach bites you.
You hit the giant cockroach.
The giant cockroach is moderately wounded.
The giant cockroach closely misses you.
The giant cockroach bites you but does no damage.
You hit the giant cockroach.
You kill the giant cockroach!
Trog accepts your kill.
No target in view!
You see here a +0 helmet.
v - a +0 helmet Are you sure you want to abandon this character and quit the game? (Confirm with "yes".)

# # #. ####### ..
..##..... #.#
..... #...##.## .#
#...†...# #.##
#..###..# ...# #
.###.@####.# ...#
.>#.......#
...#######
#.##.######
.........#.##.##.#
†...####.#.......#
.........####.####
<........# #.#
.........# ##.##
....###..###...#


There were no monsters in sight!

Vanquished Creatures
  Jessica (D:2)
  3 adders (D:2)
  A dart slug (D:2)
  8 ball pythons
  4 endoplasms
  4 giant cockroaches
  3 hobgoblins
  5 quokkas
  2 bats
  2 frilled lizards (D:2)
  5 goblins
  7 kobolds
  2 rats (D:1)
47 creatures vanquished.

Notes
Turn   | Place    | Note
-------+----------+-------------------------------------------
     0 | D:1      | iamoutofideas the Hill Orc Berserker began the quest for
                  | the Orb.
     0 | D:1      | Reached XP level 1. HP: 19/19 MP: 1/1
   214 | D:1      | Reached XP level 2. HP: 27/27 MP: 2/2
   491 | D:1      | You fall into a shaft and drop 1 floor!
   591 | D:2      | Reached XP level 3. HP: 26/33 MP: 3/3
   857 | D:2      | Reached skill level 5 in Axes
  1040 | D:2      | Found a faded altar of an unknown god.
  1044 | D:2      | Noticed Jessica
  1050 | D:2      | Killed Jessica
  1051 | D:2      | Reached XP level 4. HP: 41/41 MP: 4/4
  1172 | D:2      | Reached ** piety under Trog
  1875 | D:2      | Reached skill level 6 in Axes
  2187 | D:3      | Quit the game

Illustrated notes

Levels and vault maps discovered:
D:1:      pf_arrival_petrified_forest, layout_basic
D:2:      layout_rooms, hellmonk_ecumenical_altar_heavens_door, uniq_jessica
D:3:      layout_loops_cross, biasface_ghost_orc_armoury

Skill      XL: |  1  2  3  4 |
---------------+-------------+-----
Fighting       | 4 |  4.7
Axes           | 5 6 |  6.1
Armour         | |  2.3
Dodging        | |  1.6

Action                     |  1- 3 |  4- 6 || total
---------------------------+-------+-------++-------
  Melee: Hand axe          |    56 |    94 ||   150
         Punch             |     1 |       ||     1
 Armour: Ring mail         |    17 |    39 ||    56
         Animal skin       |     3 |       ||     3
  Dodge: Dodged            |    32 |    40 ||    72

Table legend: (Time is in decaauts)
 A = Elapsed time spent in this place.
 B = Non-inter-level travel time spent in this place.
 C = Inter-level travel time spent in this place.
 D = Time resting spent in this place.
 E = Time spent auto-exploring this place.
 F = Levels seen in this place.
 G = Mean time per level.
                   A        B        C        D        E       F      G
               +--------+--------+--------+--------+--------+-----+--------+
         Total |   2196 |   2042 |    154 |    447 |   1270 |   3 |  732.0 |
       Dungeon |   2196 |   2042 |    154 |    447 |   1270 |   3 |  732.0 |
               +--------+--------+--------+--------+--------+-----+--------+

Top non-repeatable levels by time:
     D:2: 1019 daAuts
     D:1: 1000 daAuts
     D:3: 176 daAuts
